 Dungeon Crawl Stone Soup version 0.30-a0-373-gd37427bb62 (webtiles) character file.

Game seed: 15769269599633394050

252 Shayle the Trooper (level 5, -3/41 HPs)
             Began as a Demonspawn Reaver on Nov 24, 2022.
             Frozen to death by an endoplasm (5 damage)
             ... on level 4 of the Dungeon.
             The game lasted 00:10:03 (3891 turns).

Shayle the Trooper (Demonspawn Reaver)              Turns: 3891, Time: 00:10:11

Health: -3/41      AC:  5    Str: 13    XL:     5   Next: 89%
Magic:  8/8        EV: 11    Int: 18    God:
Gold:   66         SH:  0    Dex: 11    Spells: 3/8 levels left

rFire   . . .      SeeInvis .    g - +0 war axe
rCold   . . .      Faith    .    (no shield)
rNeg    . . .      Spirit   .    b - +0 leather armour
rPois   .          Reflect  .    (no helmet)
rElec   .          Harm     .    (no cloak)
rCorr   .          Rampage  .    (no gloves)
Will    .....                    n - +1 pair of boots
Stlth   ++........               (no amulet)
HPRegen 0.26/turn                (no ring)
MPRegen 0.11/turn                (no ring)

@: lethally poisoned (-3 -> -11), attractive
A: powered by pain 1, big brain 1
a: no special abilities


You were on level 4 of the Dungeon.
You visited 1 branch of the dungeon, and saw 4 of its levels.

You collected 124 gold pieces.
You spent 58 gold pieces at shops.

Inventory:

Hand Weapons
 a - a +0 hand axe
 g - a +0 war axe (weapon)
Missiles
 f - 3 silver boomerangs (quivered)
Armour
 b - a +0 leather armour (worn)
 n - a +1 pair of boots (worn)
Wands
 o - a wand of iceblast (5)
Scrolls
 c - 2 scrolls of fog
 l - 2 scrolls of vulnerability
 p - a scroll of amnesia {unknown}
 q - a scroll of enchant weapon {unknown}
Potions
 d - a potion of flight {unknown}
 e - a potion of brilliance
 h - a potion of haste
 i - a potion of ambrosia {unknown}
 j - a potion of lignification {unknown}
 m - a potion of attraction


   Skills:
 + Level 3.6 Fighting
 - Level 2.6 Axes
 + Level 2.4 Armour
 - Level 1.7 Dodging
 + Level 2.7 Stealth
 - Level 2.0 Spellcasting
 - Level 3.0 Conjurations
 + Level 2.2 Fire Magic


You had 3 spell levels left.
You knew the following spells:

 Your Spells              Type           Power      Damage    Failure   Level
a - Kiss of Death         Conj/Necr      28%        2d7       12%         1
b - Scorch                Fire           18%        2d6       14%         2
c - Static Discharge      Conj/Air       14%        2-3/arc   19%         2

Your spell library contained the following spells:

 Spells                   Type           Power      Damage    Failure   Level
 Momentum Strike          Conj/Tloc      14%        3d8       19%         2
 Dazzling Flash           Conj/Hex       14%        N/A       36%         3
 Hailstorm                Conj/Ice       7%         3d4       36%         3
 Vhi's Electric Charge    Tloc/Air       2%         N/A       56%         3
 Flame Wave               Conj/Fire      11%        2d6       61%         4
 Arcjolt                  Conj/Air       3%         1d13      98%         5
 Lightning Bolt           Conj/Air       3%         1d15      98%         5
 Agony                    Necr           1%         N/A       99%         5
 Silence                  Hex/Air        0%         N/A       99%         5
 Summon Cactus Giant      Summ           0%         N/A       100%        6


Dungeon Overview and Level Annotations

Branches:
Dungeon (4/15)
 Temple: D:4-7

Altars:

Shops:
D:3 *

Annotations:
D:4 Edmund


Innate Abilities, Weirdness & Mutations

You sometimes gain a little power by taking damage.
You have an unusually large brain. (Int +2)


Message History

The ball python constricts you.
You hit the ball python.
You kill the ball python!
The endoplasm attacks as you move away!
The endoplasm hits you but does no damage.
The endoplasm attacks as you move away!
The endoplasm hits you but does no damage.
You slash the endoplasm!
You kill the endoplasm!
A dart slug comes into view.
You slash the dart slug!
The dart slug is almost dead.
The dart slug launches a dart at you. The slug dart hits you.
You slash the dart slug!
You kill the dart slug!
Edmund shouts!
A quokka comes into view.
Edmund says, "I might not be good at magic, but I can still kill you!"
The endoplasm freezes you.
You are frozen.
Edmund attacks as you move away!
Edmund hits you with a +1 flail of venom!
You are lethally poisoned!
* * * LOW HITPOINT WARNING * * *
You feel very sick. The endoplasm freezes you.
You are frozen.
* * * LOW HITPOINT WARNING * * *
* * * LOW HITPOINT WARNING * * *
You feel very sick.
The quokka twitches its whiskers.
Unknown command.
It was a potion of attraction.
You feel attractive to monsters.
* * * LOW HITPOINT WARNING * * *
You feel sick. The endoplasm freezes you.
You are frozen.
You die...

. #.#....##.#.#.#...#####
..###.......#.#.#...'...#
......#...##.#.#...###.#
...........#.#.#...# #.#
#.###.#....#.#.##### #.#
#.......#..#.#.# #.#
#####.#.#..#.#.# #.#
#.#.####.#.# #.# #.#@#
#.#.# #.# #.#J## #.#.#
#.# #..@.# #.#.# #J#
###########....# #.#.#
#.#
.$...........r....###.#.#
#.#
................<...#.#.#
#.#
..................#.#.#.#
#.#
..................#.#.#.#
#.#
...................!#.#.#
#.#


You could see Edmund, an endoplasm and a quokka.

Vanquished Creatures
  A phantom (D:4)
  A necrophage (D:2)
  6 adders
  A worm (D:2)
  A dart slug (D:4)
  5 ball pythons
  9 endoplasms
  5 giant cockroaches
  6 goblins
  5 hobgoblins
  7 quokkas
  3 bats
  4 frilled lizards
  5 kobolds
  4 rats
63 creatures vanquished.

Notes
Turn   | Place    | Note
-------+----------+-------------------------------------------
     0 | D:1      | Shayle the Demonspawn Reaver began the quest for the Orb.
     0 | D:1      | Reached XP level 1. HP: 16/16 MP: 3/3
   296 | D:1      | Gained mutation: You sometimes gain a little power by
                  | taking damage. [demonic ancestry]
   296 | D:1      | Reached XP level 2. HP: 19/20 MP: 5/5
   515 | D:1      | Reached skill level 1 in Stealth
   780 | D:1      | Learned a level 2 spell: Scorch
  1001 | D:2      | Reached skill level 1 in Armour
  1112 | D:2      | Found a faded altar of an unknown god.
  1253 | D:2      | Gained mutation: You have an unusually large brain. (Int
                  | +2) [demonic ancestry]
  1253 | D:2      | Reached XP level 3. HP: 22/27 MP: 6/6
  1287 | D:2      | Noticed a necrophage
  1307 | D:2      | Killed a necrophage
  1308 | D:2      | Reached skill level 1 in Fire Magic
  1308 | D:2      | Reached XP level 4. HP: 10/34 MP: 7/7
  2403 | D:3      | Reached XP level 5. HP: 41/41 MP: 8/8
  2457 | D:3      | Found Payrghio's Assorted Antiques.
  2465 | D:3      | Bought a scroll labelled VAUNLIUGOES for 31 gold pieces
  2465 | D:3      | Bought a grey potion for 27 gold pieces
  3557 | D:4      | Noticed Edmund
  3576 | D:3      | Learned a level 2 spell: Static Discharge
  3766 | D:4      | Noticed a phantom
  3779 | D:4      | Noticed an ogre
  3790 | D:4      | Killed a phantom
  3891 | D:4      | HP: 2/41 [poisoned by Edmund]
  3891 | D:4      | Frozen to death by an endoplasm

Illustrated notes

Levels and vault maps discovered:
D:1:      dpeg_arrival_snail, layout_loops_ring, minmay_tromino_v2
D:2:      layout_loops_ring, shapermc_ecumenical_altar_starsandcircs,
          minmay_misc_feat_x, kennysheep_decorative_pillar, st_stairs_7
D:3:      layout_basic, serial_shops, nicolae_diamond_shop
D:4:      layout_basic, kennysheep_little_box, uniq_edmund

Skill      XL: |  1  2  3  4  5 |
---------------+----------------+-----
Stealth        | 1 2 |  2.7
Armour         | 1 2 |  2.4
Fire Magic     | 1 2 |  2.2
Fighting       | 3 |  3.6
Axes           | |  2.6
Dodging        | |  1.7
Spellcasting   | |  2.0
Conjurations   | |  3.0

Action                   |  1- 3 |  4- 6 || total
-------------------------+-------+-------++-------
Melee: Hand axe          |    81 |    14 ||    95
       War axe           |       |   146 ||   146
       Punch             |       |     2 ||     2
Throw: Boomerang         |    22 |     8 ||    30
 Cast: Kiss of Death     |     1 |       ||     1
       Scorch            |       |    13 ||    13
       Static Discharge  |       |     3 ||     3
  Use: Scroll            |     5 |     3 ||     8
       Potion            |     3 |     3 ||     6
 Stab: Sleeping          |       |     1 ||     1
Armor: Leather armour    |    19 |    86 ||   105
Dodge: Dodged            |    52 |   118 ||   170

Table legend: (Time is in decaauts)
 A = Elapsed time spent in this place.
 B = Non-inter-level travel time spent in this place.
 C = Inter-level travel time spent in this place.
 D = Time resting spent in this place.
 E = Time spent auto-exploring this place.
 F = Levels seen in this place.
 G = Mean time per level.
                   A        B        C        D        E       F      G
               +--------+--------+--------+--------+--------+-----+--------+
         Total |   3953 |   3774 |    179 |    522 |   2303 |   4 |  988.2 |
       Dungeon |   3953 |   3774 |    179 |    522 |   2303 |   4 |  988.2 |
               +--------+--------+--------+--------+--------+-----+--------+

Top non-repeatable levels by time:
     D:2: 1446 daAuts
     D:3: 1305 daAuts
     D:1: 997 daAuts
     D:4: 203 daAuts
